 Dungeon Crawl Stone Soup version 0.23-a0-650-ga4d50d4 (webtiles) character file.

854 Blackhawk the Poker (level 8, -6/63 HPs)
             Began as a Merfolk Monk on Jan 6, 2019.
             Killed by divine providence
             ... invoked by an orc priest
              (11 damage)
             ... on level 4 of the Dungeon.
             The game lasted 00:11:40 (4356 turns).

Blackhawk the Poker (Merfolk Monk)                  Turns: 4356, Time: 00:11:41

Health: -6/63      AC: 10    Str: 14    XL:     8   Next: 1%
Magic:  8/8        EV: 22    Int:  9    God:
Gold:   197        SH:  9    Dex: 16    Spells: 7/7 levels left

rFire    . . .     SeeInvis .   b - +1 whip (venom)
rCold    . . .     Gourm    .   m - +0 shield
rNeg     . . .     Faith    .   z - +0 chain mail
rPois    .         Spirit   .   (no helmet)
rElec    .         Reflect  .   (no cloak)
rCorr    .         Harm     .   (no gloves)
MR       .....                  x - +0 pair of boots
Stlth    ..........             u - amulet of the acrobat
HPRegen  0.20/turn              (no ring)
MPRegen  0.11/turn              (no ring)

@: acrobat, slowed, very slow
A: change form in water, swift swim, stealthy swim
a: no special abilities


You were on level 4 of the Dungeon.
You were not hungry.

You visited 1 branch of the dungeon, and saw 4 of its levels.

You collected 197 gold pieces.

Inventory:

Hand Weapons
 a - a +0 spear
 b - a +1 whip of venom (weapon)
 i - a +3 spear
Armour
 g - a +0 robe
 m - a +0 shield (worn)
 x - a +0 pair of boots (worn)
 z - a +0 chain mail (worn)
Jewellery
 h - an uncursed ring of resist corrosion {unknown}
 k - an uncursed ring of poison resistance {unknown}
 p - an uncursed ring of resist corrosion {unknown}
 u - an amulet of the acrobat (around neck)
Scrolls
 d - 4 scrolls of identify {unknown}
 e - 2 scrolls of amnesia {unknown}
 l - 4 scrolls of teleportation {unknown}
 n - a scroll of fog {unknown}
 o - 2 scrolls of enchant weapon {unknown}
 r - a scroll of remove curse {unknown}
 w - 3 scrolls of magic mapping {unknown}
 y - a scroll of immolation {unknown}
Potions
 f - a potion of magic {unknown}
 j - a potion of lignification {unknown}
 q - a potion of resistance {unknown}
 s - a potion of curing {unknown}
 t - a potion of flight {unknown}
 v - 2 potions of degeneration {unknown}
Comestibles
 c - 5 rations


   Skills:
 + Level 5.4 Fighting
 + Level 7.1 Polearms
 + Level 2.7 Armour
 + Level 6.6 Dodging
 - Level 2.5 Stealth
 + Level 3.1 Shields


You had 7 spell levels left.
You didn't know any spells.
Your spell library was empty.

Dungeon Overview and Level Annotations

Branches:
Dungeon (4/15)
 Temple: D:4-7

Altars:
Ashenzari
Makhleb
Vehumet


Message History

Natasha moves out of view.
There is a stone staircase leading down here.
You close the door.
Natasha hisses angrily.
Natasha mumbles some strange words.
An orc priest opens the door.
The white imp gestures at you. You block the puff of frost.
Natasha stares at you and mumbles some strange words.
You feel yourself slow down.
You hit Natasha.
You kill Natasha!
Natasha screams in pain as she dies!
The white imp disappears in a puff of smoke!
The orc priest mumbles some strange prayers to Beogh against you.
Beogh smites you!
* * * LOW HITPOINT WARNING * * *
The orc priest invokes the aid of Beogh against you.
Beogh smites you!
You die...

# # ########## ##### #####
#.)......# #...# #.... #........#
#########...# #..p. #........#
#.......#...# #.... #..^.....#
#.......#...# #####
#........####§......#...#########
'...oo.†ooo.o...@...'...'........
#..)oo...#o##.......#...#########
...)######.##.......##........# #
###.# #.##.......##........###
..#.# # #...........'...........
#)#.# .# #############........###
....#..# #........# #......#
#........# ####...# #........#


You could see 3 orc priests and an orc wizard.

Vanquished Creatures
  Pikel (D:4)
  A howler monkey (D:4)
  2 hounds (D:4)
  An orc priest (D:4)
  3 worker ants (D:4)
  Natasha (D:4)
  An iguana (D:4)
  4 gnolls (D:4)
  4 adders
  3 worms
  A dart slug (D:2)
  3 leopard geckos
  5 orcs
  A ball python (D:2)
  4 giant cockroaches
  3 goblins
  3 hobgoblins
  12 jackals
  2 quokkas
  7 bats
  2 frilled lizards (D:2)
  14 kobolds
  10 rats
88 creatures vanquished.

Vanquished Creatures (others)
  4 slaves (D:4)
  Natasha (D:4)
5 creatures vanquished.

Grand Total: 93 creatures vanquished

Notes
Turn   | Place    | Note
-------+----------+-------------------------------------------
     0 | D:1      | Blackhawk the Merfolk Monk began the quest for the Orb.
     0 | D:1      | Reached XP level 1. HP: 18/18 MP: 1/1
   132 | D:1      | Reached XP level 2. HP: 22/24 MP: 2/2
   668 | D:1      | Reached XP level 3. HP: 25/29 MP: 3/3
  1225 | D:2      | Found a radiant altar of Vehumet.
  1357 | D:2      | Found a burning altar of Makhleb.
  1570 | D:2      | Found a shattered altar of Ashenzari.
  1782 | D:2      | Reached skill level 5 in Polearms
  1782 | D:2      | Reached skill level 1 in Armour
  1782 | D:2      | Reached XP level 4. HP: 28/37 MP: 4/4
  3449 | D:4      | Reached skill level 5 in Dodging
  3449 | D:4      | Reached XP level 5. HP: 32/42 MP: 5/5
  3597 | D:4      | Reached skill level 1 in Shields
  3699 | D:4      | Reached XP level 6. HP: 19/49 MP: 6/6
  3900 | D:4      | Noticed Natasha
  3900 | D:4      | Noticed Pikel
  3910 | D:4      | Noticed a slave
  3929 | D:4      | Killed Pikel
  3929 | D:4      | Reached skill level 5 in Fighting
  3929 | D:4      | Reached skill level 6 in Polearms
  3929 | D:4      | Reached XP level 7. HP: 53/56 MP: 7/7
  4104 | D:4      | Reached skill level 7 in Polearms
  4307 | D:4      | Killed Natasha
  4329 | D:4      | Reached XP level 8. HP: 56/63 MP: 8/8
  4345 | D:4      | Identified the +6 hand axe "Loopy" {vamp, rC+ Int+4 Dex-2
                  | Stlth+}
  4348 | D:4      | Noticed Natasha
  4355 | D:4      | Killed Natasha
  4356 | D:4      | Killed from afar by an orc priest

Vault maps used:
D:1:      dpeg_arrival_prison, item_on_display_a
D:2:      ashenzari_altar_1, fiery_altar_vehumet, first_ration, bloody_makhleb
D:3:      minmay_misc_feat_cross, guppyfry_early_lair_pool
D:4:      kennysheep_mini, lemuel_round_altar, uniq_robin, uniq_pikel,
          uniq_natasha, uniq_edmund

Skill      XL: |  1  2  3  4  5  6  7 |
---------------+----------------------+-----
Polearms       | 5 6 7 |  7.1
Armour         | 1 2 |  2.7
Fighting       | 4 5 |  5.4
Dodging        | 5 6 |  6.6
Shields        | 1 2 3 |  3.1
Stealth        | |  2.5

Action                   |  1- 3 |  4- 6 |  7- 9 || total
-------------------------+-------+-------+-------++-------
Melee: Spear             |   124 |    85 |       ||   209
       Whip              |     9 |    55 |    59 ||   123
 Stab: Sleeping          |    15 |     7 |       ||    22
  Eat: Chunk             |     2 |     8 |     1 ||    11
Armor: Robe              |    12 |    15 |       ||    27
       Chain mail        |       |       |    19 ||    19
Dodge: Dodged            |    57 |    65 |    17 ||   139
Block: Shield            |     9 |    52 |    42 ||   103

Table legend:
 A = Non-vault XP
 B = Vault XP
 C = Vault XP percentage of total XP
 D = Non-vault monster count
 E = Vault monster count
 F = Vault count percentage of total count
                 A         B        C        D         E       F
            +---------+---------+-------+---------+---------+-------
      Total |     574 |     646 |  53.0 |      83 |       5 |   5.7
            +---------+---------+-------+---------+---------+-------
        D:1 |      38 |       5 |  11.6 |      22 |       4 |  15.4
        D:2 |      64 |       0 |   0.0 |      23 |       0 |   0.0
        D:3 |      44 |       0 |   0.0 |      17 |       0 |   0.0
        D:4 |     428 |     641 |  60.0 |      21 |       1 |   4.5
            +---------+---------+-------+---------+---------+-------
